 Dungeon Sprint DCSS version 0.22-a0-274-gf8199ec (webtiles) character file.

11 Kidiri the Skirmisher (level 2, 0/24 HPs)
             Began as a Demonspawn Monk on Mar 13, 2018.
             Was a Believer of Wu Jian.
             Succumbed to a worker ant's poison
             ... while paralysed by a floating eye
             ... in the Dungeon (Sprint VII: "The Pits").
             The game lasted 00:01:04 (252 turns).

Kidiri the Skirmisher (Demonspawn Monk)              Turns: 252, Time: 00:01:04

Health: 0/24       AC:  2    Str: 11    XL:     2   Next: 17%
Magic:  2/2        EV:  2    Int: 11    God:    Wu Jian [**....]
Gold:   0          SH:  0    Dex: 15    Spells: 1/1 levels left

rFire    . . .     SeeInvis .   a - +2 falchion
rCold    . . .     Gourm    .   (no shield)
rNeg     . . .     Faith    .   b - +0 robe
rPois    .         Spirit   .   (no helmet)
rElec    .         Reflect  .   (no cloak)
rCorr    .         Harm     .   (no gloves)
MR       .....     NoTele   +   (no boots)
Stlth    ++........             (no amulet)
HPRegen  0.08/turn              (no ring)
MPRegen  0.08/turn              (no ring)

@: paralysed, lethally poisoned (0 -> -15)
A: hooves 1
a: Wall Jump, Renounce Religion


You were in the Dungeon.
You worshipped Wu Jian.
Wu Jian was pleased with you.
You were not hungry.

You visited 1 branch

Inventory:

Hand Weapons
 a - a +2 falchion (weapon)
Missiles
 n - 10 stones (quivered)
Armour
 b - a +0 robe (worn)
Scrolls
 i - a scroll of blinking
 k - 3 scrolls of remove curse
 l - 5 scrolls of amnesia
 m - a scroll of summoning
Potions
 d - a potion of curing
 e - a potion of heal wounds
 f - a potion of haste
 g - 4 potions of magic
 h - 3 potions of berserk rage
 j - 2 potions of invisibility
Comestibles
 c - 9 rations
 o - a chunk of flesh


   Skills:
 * Level 3.6 Fighting
 * Level 3.2 Long Blades
 + Level 0.3 Throwing
 + Level 1.0 Armour
 * Level 3.2 Dodging
 * Level 2.6 Stealth


You had one spell level left.
You didn't know any spells.

Dungeon Overview and Level Annotations

Branches:
Dungeon (1/1)

Altars:
Ashenzari
Cheibriados
Dithmenos
Elyvilon
Fedhas
Gozag
Hepliaklqana
Kikubaaqudgha
Makhleb
Nemelex Xobeh
Okawaru
Qazlal
Ru
Sif Muna
Trog
Uskayaw
Vehumet
Wu Jian
Xom
Yredelemnul
Zin
The Shining One
Beogh
Jiyva
Lugonu

Annotations:
D exclusions: 6 doors and 6 more exclusions


Innate Abilities, Weirdness & Mutations

You have large cloven feet.


Message History

You barely miss the floating eye.
You repeatedly attack the worker ant from above.
You hit the worker ant.
You kick the worker ant, but do no damage.
The worker ant is heavily wounded.
You hit the worker ant.
The worker ant is heavily wounded.
The worker ant bites you.
You are poisoned.
The worker ant poisons you! The worker ant closely misses you.
The floating eye gazes piercingly through you!
You suddenly lose the ability to move!
The worker ant bites you.
You are more poisoned.
The worker ant poisons you!
* * * LOW HITPOINT WARNING * * *
You feel sick. The floating eye seems to glare at you.
The worker ant bites you.
* * * LOW HITPOINT WARNING * * *
You die...

#_________.#
#_________.#
#_______...###########
##########+##.........
#.?|.+)))+.##......#..
##########.##.........
#...........'.........
#+#####'#####......#..
#..@#รท# #.........
#.Ga#.# ####+#####
#...'.# #.......#
##+#### #.......#
#.......# #...<...#
#.......# #.......#
#.......#


You could see a floating eye and a worker ant.

Vanquished Creatures
  An ufetubus (D)
  An ooze (D)
  A quokka (D)
3 creatures vanquished.

Notes
Turn   | Place    | Note
-------+----------+-------------------------------------------
     0 | D        | Kidiri the Demonspawn Monk began the quest for the Orb.
     0 | D        | Reached XP level 1. HP: 18/18 MP: 1/1
    68 | D        | Found a bloodstained altar of Trog.
    68 | D        | Found a deep blue altar of Sif Muna.
    68 | D        | Found a viscous altar of Jiyva.
    68 | D        | Found a hazy altar of Hepliaklqana.
    68 | D        | Found an opulent altar of Gozag.
    69 | D        | Found a glowing golden altar of the Shining One.
    69 | D        | Found a glowing silver altar of Zin.
    69 | D        | Found a basalt altar of Yredelemnul.
    69 | D        | Found a shimmering altar of Xom.
    69 | D        | Found an ornate altar of the Wu Jian Council.
    69 | D        | Found a sacrificial altar of Ru.
    69 | D        | Found a stormy altar of Qazlal.
    69 | D        | Found an iron altar of Okawaru.
    69 | D        | Found a sparkling altar of Nemelex Xobeh.
    69 | D        | Found a burning altar of Makhleb.
    69 | D        | Found a blossoming altar of Fedhas.
    69 | D        | Found a white marble altar of Elyvilon.
    69 | D        | Found a shadowy altar of Dithmenos.
    69 | D        | Found a snail-covered altar of Cheibriados.
    71 | D        | Found a radiant altar of Vehumet.
    71 | D        | Found a corrupted altar of Lugonu.
    71 | D        | Found a roughly hewn altar of Beogh.
    72 | D        | Found a hide-covered altar of Uskayaw.
    72 | D        | Found an ancient bone altar of Kikubaaqudgha.
    72 | D        | Found a shattered altar of Ashenzari.
    78 | D        | Became a worshipper of the Wu Jian Council
    78 | D        | Reached * piety under Wu Jian
    78 | D        | Reached ** piety under Wu Jian
   220 | D        | Reached skill level 1 in Armour
   220 | D        | Gained mutation: You have large cloven feet. [demonic ancestry]
   220 | D        | Reached XP level 2. HP: 21/24 MP: 2/2
   248 | D        | Noticed a floating eye
   250 | D        | Paralysed by a floating eye for 4 turns
   251 | D        | HP: 1/24 [worker ant (5)]
   252 | D        | Succumbed to a worker ant's poison

Vault maps used:
D:        pitsprint

Skill      XL: |  1 |
---------------+----+-----
Long Blades    | 3 |  3.2
Dodging        | 3 |  3.2
Stealth        | 2 |  2.6
Armour         | 1 |  1.0
Fighting       | |  3.6
Throwing       | |  0.3

Action                   || total
-------------------------++-------
Melee: Falchion          ||    14
       Kick              ||     2
Invok: Wall Jump         ||     5
       Lunge             ||     1
       Whirlwind         ||     1
 Stab: Sleeping          ||     3
Armor: Robe              ||     1
Dodge: Dodged            ||    10
       Rpst.: Falchion   ||     2

Table legend:
 A = Spawn XP
 B = Non-spawn XP
 C = Spawn XP percentage of total XP
 D = Spawn monster count
 E = Non-spawn monster count
 F = Spawn count percentage of total count
 G = Total turns spent on level
                    A         B        C        D         E        F      G
               +---------+---------+-------+---------+---------+-------+---------
         Total |       0 |      17 |   0.0 |       0 |       3 |   0.0 |   252
               +---------+---------+-------+---------+---------+-------+---------
             D |       0 |      17 |   0.0 |       0 |       3 |   0.0 |   252
               +---------+---------+-------+---------+---------+-------+---------
